 Dungeon Crawl Stone Soup version 0.19.0 (webtiles) character file.

180 CottonD the Conjurer (level 5, 0/40 HPs)
             Began as a Demigod Conjurer on Nov 13, 2016.
             Slain by an orc priest
             ... wielding a +0 club
              (5 damage)
             ... on level 3 of the Dungeon.
             The game lasted 00:19:47 (2996 turns).

CottonD the Conjurer (Demigod Conjurer)             Turns: 2996, Time: 00:19:48

Health: 0/40       AC:  3    Str: 11    XL:     5   Next: 11%
Magic:  0/12       EV: 12    Int: 24    God:
Gold:   62         SH:  0    Dex: 18    Spells: 1 memorised, 9 levels left

rFire  . . .     SeeInvis .     e - +0 dagger (venom)
rCold  . . .     Gourm    .     f - +0 leather armour
rNeg   . . .     Faith    .     (no shield)
rPois  .         Spirit   .     (no helmet)
rElec  .         Reflect  .     (no cloak)
rCorr  .         Harm     .     (no gloves)
MR     .....                    (no boots)
Stlth  ++........               (no amulet)
                                (no ring)
                                i - +5 ring of intelligence

@: no status effects
A: high mp 1
a: no special abilities


You were on level 3 of the Dungeon.
You were not hungry.

You visited 1 branch of the dungeon, and saw 3 of its levels.

You collected 62 gold pieces.

Inventory:

Hand Weapons
 e - a +0 dagger of venom (weapon)
Armour
 a - a +0 robe
 f - a +0 leather armour (worn)
Jewellery
 i - a +5 ring of intelligence (left hand)
 p - a +3 ring of protection {unknown}
 q - an uncursed ring of resist corrosion {unknown}
Scrolls
 t - a scroll of identify
 u - a scroll of recharging {unknown}
 v - a scroll of blinking {unknown}
 w - a scroll of teleportation
Potions
 d - a potion of invisibility {unknown}
 h - 2 potions of berserk rage {unknown}
 j - a potion of mutation {unknown}
 k - 3 potions of heal wounds {unknown}
 l - 2 potions of degeneration {unknown}
 m - 2 potions of beneficial mutation {unknown}
 n - a potion of resistance {unknown}
 s - a potion of haste {unknown}
Books
 b - a book of Conjurations

   Spells                             Type                      Level
   a - Magic Dart                     Conjuration                  1
   b - Searing Ray                    Conjuration                  2
   c - Dazzling Spray                 Conjuration/Hexes            3
   d - Fulminant Prism                Conjuration/Hexes            4
   e - Iskenderun's Mystic Blast      Conjuration                  4
   f - Iskenderun's Battlesphere      Conjuration/Charms           5
Comestibles
 c - a bread ration
 g - a beef jerky
 o - a meat ration
 r - 2 fruits


   Skills:
 + Level 1.0 Fighting
 + Level 0.6 Short Blades
 + Level 1.0 Armour
 + Level 2.3 Dodging
 + Level 2.0 Stealth
 + Level 0.3 Unarmed Combat
 + Level 3.0 Spellcasting
 + Level 4.4 Conjurations


You had 9 spell levels left.
You knew the following spells:

 Your Spells              Type           Power        Failure   Level  Hunger
a - Magic Dart            Conj           ####         2%          1    None


Dungeon Overview and Level Annotations

Branches:
Dungeon (3/15)


Innate Abilities, Weirdness & Mutations

You have an increased reservoir of magic. (+10% MP)


Message History

The puff of flame hits you!
Casting: Magic Dart
Confirm with . or Enter, or press ? or * to list all spells.
Aiming: Magic Dart
Press: ? - help, Shift-Dir - straight line, f/p - orc priest
Aim: an orc priest, wielding a club and wearing a leather armour (almost dead)
The magic dart hits something.
Something hits you.
* * * LOW HITPOINT WARNING * * *
Something hits you but does no damage.
You barely miss the orc priest.
The orc priest is almost dead.
The orc priest looks braver for a moment.
Something hits you.
* * * LOW HITPOINT WARNING * * *
You hit the orc priest but do no damage.
The orc priest is poisoned.
The orc priest is almost dead.
The orc priest hits you with a club.
You die...

*,***#######.......)......#,
***,* ##.#####.#...###, **,,,**
##*#####.# ##.##.## *,
*,,,,,*##.##.....####...#.####,
*,,,,,,#.#......รท.............,
*,,,,.,*#.......#####...######*
**,,,#.##.......######.##
**,,#.............# #.#
*,,**##.....@.##.# #.# *,,*
#....{o.#*,# #.# ***** *,,*
#....(..#*,* #.# *,,,* *,,*
####.#####.* #.# *,*,, *,,*****
#.# *.* #.#***,,,* *,,,,,,*
#.### *.##*,,,,,,,** *,****,*
#...# *..#*********
*,*###.###.#.# *#.#
*,,..........# #.#


You could see an orc priest.

Vanquished Creatures
  Terence (D:3)
  An orc wizard (D:2)
  4 adders
  2 oozes
  A worm (D:2)
  A leopard gecko (D:2)
  6 orcs
  5 bats
  6 giant cockroaches
  3 goblins (D:2)
  7 hobgoblins
  12 jackals
  9 kobolds
  2 quokkas
  2 frilled lizards (D:2)
  8 rats
70 creatures vanquished.

Notes
Turn   | Place    | Note
-------+----------+-------------------------------------------
     0 | D:1      | CottonD the Demigod Conjurer began the quest for the Orb.
     0 | D:1      | Reached XP level 1. HP: 14/14 MP: 5/5
   518 | D:1      | Reached XP level 2. HP: 20/20 MP: 5/7
   868 | D:1      | Reached skill level 4 in Conjurations
   954 | D:1      | Found a shattered altar of Ashenzari.
   992 | D:1      | Reached XP level 3. HP: 19/27 MP: 1/8
  2023 | D:2      | Found a radiant altar of Vehumet.
  2023 | D:2      | Found a shimmering altar of Xom.
  2049 | D:2      | Reached XP level 4. HP: 34/34 MP: 2/10
  2087 | D:2      | Found a hide-covered altar of Uskayaw.
  2338 | D:3      | Reached skill level 1 in Fighting
  2578 | D:2      | HP: 1/35 [orc/flail (3)]
  2958 | D:3      | Noticed Terence
  2965 | D:3      | Killed Terence
  2965 | D:3      | Reached skill level 1 in Armour
  2965 | D:3      | Reached XP level 5. HP: 40/40 MP: 6/12
  2996 | D:3      | Slain by an orc priest

Skill      XL: |  1  2  3  4 |
---------------+-------------+-----
Spellcasting   | 2 3 |  3.0
Conjurations   | 4 |  4.4
Dodging        | 2 |  2.3
Stealth        | 2 |  2.0
Fighting       | 1 |  1.0
Armour         | 1 |  1.0
Short Blades   | |  0.6
Unarmed Combat | |  0.3

Action                   |  1- 3 |  4- 6 || total
-------------------------+-------+-------++-------
Melee: Unarmed           |    31 |       ||    31
       Dagger            |    42 |     9 ||    51
 Cast: Magic Dart        |    89 |    58 ||   147
  Use: Scroll            |     2 |     3 ||     5
  Eat: Bread ration      |     1 |     1 ||     2
Armor: Robe              |     9 |       ||     9
       Leather armour    |    19 |     3 ||    22
Dodge: Dodged            |    73 |    14 ||    87
